 Dungeon Crawl Stone Soup version 0.21.1-1-g345015fe64 (webtiles) character file.

18555 Oravi the Slicer (level 12, -14/83 HPs)
             Began as a Halfling Fighter on Mar 27, 2018.
             Was a High Priest of Okawaru.
             Demolished by Rupert
             ... wielding a +2 battleaxe of electrocution
              (23 damage)
             ... on level 3 of the Lair of Beasts.
             The game lasted 02:02:42 (17781 turns).

Oravi the Slicer (Halfling Fighter)                Turns: 17781, Time: 02:02:43

Health: -14/83     AC: 23    Str: 20    XL:     12   Next: 96%
Magic:  11/13      EV: 22    Int:  6    God:    Okawaru [*****.]
Gold:   418        SH: 15    Dex: 16    Spells: 11/11 levels left

rFire    + . .     SeeInvis .   a - +1 rapier (flame)
rCold    . . .     Gourm    .   c - +0 shield
rNeg     . . .     Faith    .   E - +2 chain mail {rF+}
rPois    .         Spirit   .   A - +2 helmet
rElec    .         Reflect  .   x - +0 cloak
rCorr    .         Harm     .   z - +0 pair of gloves
MR       .....                  t - +0 pair of boots
Stlth    ..........             (no amulet)
HPRegen  0.23/turn              h - +3 ring of evasion
MPRegen  0.13/turn              n - +3 ring of evasion

@: heroism
A: small, mutation resistance 1
a: Heroism, Finesse, Renounce Religion


You were on level 3 of the Lair of Beasts.
You worshipped Okawaru.
Okawaru was extremely pleased with you.
You were not hungry.

You visited 2 branches of the dungeon, and saw 14 of its levels.

You collected 670 gold pieces.
You spent 252 gold pieces at shops.

Inventory:

Hand Weapons
 a - a +1 rapier of flaming (weapon)
 b - a +0 hunting sling
 y - a +1 short sword of protection
Missiles
 i - 351 stones (quivered)
 o - 153 sling bullets
Armour
 c - a +0 shield (worn)
 t - a +0 pair of boots (worn)
 x - a +0 cloak (worn)
 z - a +0 pair of gloves (worn)
 A - a +2 helmet (worn)
 E - a +2 chain mail of fire resistance (worn)
 J - a +0 hat of see invisible
Jewellery
 g - an uncursed ring of poison resistance
 h - a +3 ring of evasion (left hand)
 n - a +3 ring of evasion (right hand)
 I - a +3 ring of dexterity
Wands
 m - a wand of paralysis (9)
 p - a wand of flame (13)
 q - a wand of acid (20)
 B - a wand of polymorph (16)
 C - a wand of disintegration (11)
 G - a wand of enslavement (29)
Scrolls
 e - 6 scrolls of identify
 j - 6 scrolls of remove curse
 l - 2 scrolls of magic mapping
 s - 2 scrolls of teleportation
 u - 2 scrolls of immolation
 H - a scroll of fog {unknown}
Potions
 d - a potion of magic
 k - a potion of haste
 r - 2 potions of brilliance
 v - a potion of resistance
 w - a potion of mutation
 D - a potion of invisibility
Comestibles
 f - 24 rations


   Skills:
 + Level 8.2(13.2) Fighting
 + Level 12.3(17.3) Short Blades
 + Level 11.6(16.6) Slings
 + Level 8.1(13.1) Armour
 + Level 5.4(10.4) Dodging
 + Level 11.1(16.1) Shields
 + Level 1.4 Invocations
 + Level 2.0 Evocations


You had 11 spell levels left.
You didn't know any spells.

Dungeon Overview and Level Annotations

Branches:
Dungeon (10/15)            Temple (0/1) D:7            Lair (4/6) D:10
  Swamp (0/4) Lair:3          Orc (0/2) D:10
  Snake: Lair:2-4    Spider: Lair:2-4

Altars:
Ashenzari
Cheibriados
Dithmenos
Elyvilon
Gozag
Hepliaklqana
Kikubaaqudgha
Nemelex Xobeh
Okawaru
Qazlal
Ru
Sif Muna
Trog
Uskayaw
Vehumet
Wu Jian
Zin

Shops:
D:7 }[=

Annotations:
D:8 Maurice
Lair:3 Rupert
Lair:4 Kirke


Innate Abilities, Weirdness & Mutations

You are small and have problems with some larger weapons.
You are somewhat resistant to further mutation.


Message History

You closely miss Rupert.
Rupert is severely wounded.
You hit Rupert. You burn Rupert.
Rupert is severely wounded.
Rupert hits you with a battleaxe of electrocution!!
* * * LOW HITPOINT WARNING * * *
You are electrocuted!
* * * LOW HITPOINT WARNING * * *
A wolf comes into view.
Rupert misses you. The bullfrog misses you.
You climb upwards.
There is a stone staircase leading down here.
You gain the combat prowess of a mighty hero.
You block the bullfrog's attack. You block Rupert's attack.
The bullfrog completely misses you.
Okay, then.
Rupert rages.
The bullfrog swells and bulges.
Rupert hits you with a battleaxe of electrocution!!
You die...

###.#..##..###.......######..P##.
.......................P.........
.##...P#..P##.#.#.#.#P.PP.##.##..
...........P.....................
.#.#..####.....#..##.P#...#.###.#
..#.#.##..#...###.P####PP..#####.
.................................
............###..F...#.#PP...PP..
................@@...............
......####...#..#%..##..#..####..
......(###..#####...####...###...
...............#.+#.##...........
.........#..###......#........###
..........#####..............####
................#.......<........
.....#.......##.#.8.#..###.P...#P
..............#.....#.#..........


You could see Rupert (berserk) and a bullfrog.

Vanquished Creatures
  Gastronok (Lair:3)
  A two-headed ogre (D:9)
  The ghost of BorisKarlOrff the Poker, a novice GnBe of Trog (D:6)
  2 black mambas (Lair:2)
  Joseph (D:6)
  Psyche (D:8)
  3 spiny frogs
  A troll (D:10)
  3 hippogriffs
  10 yaks
  A tarantella (shapeshifter) (D:8)
  A wyvern (D:10)
  3 basilisks
  2 hogs (Lair:3)
  6 swamp worms (Lair:3)
  Edmund (D:5)
  Duvessa (D:7)
  7 water moccasins
  6 porcupines
  10 orc warriors
  A floating eye (shapeshifter) (D:9)
  2 ice beasts (D:6)
  4 sky beasts
  2 black bears
  A necrophage (D:8)
  5 wolves (Lair:3)
  4 phantoms
  6 ogres
  2 centaurs
  6 crocodiles
  11 bullfrogs
  Dowan (D:7)
  A wyvern skeleton (D:6)
  9 scorpions
  11 killer bees
  4 wights (D:10)
  An electric eel (Lair:3)
  2 howler monkeys (D:9)
  4 crimson imps
  A quasit (D:8)
  6 bullfrog zombies
  4 hounds
  Crazy Yiuf (D:6)
  4 centaur skeletons
  2 jellies
  18 orc wizards
  11 orc priests
  3 iguanas
  8 worker ants
  2 killer bee zombies
  3 hound skeletons
  A mummy (D:8)
  2 howler monkey zombies
  2 worker ant zombies
  A howler monkey skeleton (D:6)
  10 adders
  3 gnolls (D:7)
  2 river rats (D:3)
  6 shadow imps
  3 oozes
  2 adder skeletons
  5 worms
  A dart slug (D:4)
  6 leopard geckos
  65 orcs
  8 giant cockroaches
  7 goblins
  8 hobgoblins
  9 jackals
  6 quokkas
  4 ball pythons
  10 bats
  4 frilled lizards
  A jackal zombie (D:8)
  4 kobolds
  8 rats
  A withered plant (D:8)
381 creatures vanquished.

Vanquished Creatures (others)
  5 fungi (D:10)
  6 plants (D:10)
11 creatures vanquished.

Grand Total: 392 creatures vanquished

Notes
Turn   | Place    | Note
-------+----------+-------------------------------------------
     0 | D:1      | Oravi the Halfling Fighter began the quest for the Orb.
     0 | D:1      | Reached XP level 1. HP: 15/15 MP: 1/1
   161 | D:1      | Reached XP level 2. HP: 20/20 MP: 2/2
   217 | D:1      | Reached XP level 3. HP: 26/26 MP: 3/3
   954 | D:2      | Reached skill level 3 in Short Blades
   957 | D:2      | Reached XP level 4. HP: 31/31 MP: 4/4
  1046 | D:3      | Reached skill level 1 in Dodging
  1275 | D:2      | Found an iron altar of Okawaru.
  1277 | D:2      | Found a bloodstained altar of Trog.
  1339 | D:3      | Reached XP level 5. HP: 20/36 MP: 5/5
  1597 | D:2      | Became a worshipper of Warmaster Okawaru
  1661 | D:3      | Found a glowing drain.
  1835 | D:3      | Reached skill level 4 in Short Blades
  2291 | D:3      | Found an opulent altar of Gozag.
  2398 | D:3      | Reached XP level 6. HP: 26/42 MP: 6/6
  2825 | D:3      | Reached skill level 5 in Short Blades
  3157 | D:4      | Reached XP level 7. HP: 46/46 MP: 7/7
  3461 | D:4      | Reached skill level 5 in Shields
  3532 | D:4      | Reached * piety under Okawaru
  3573 | D:5      | Entered Level 5 of the Dungeon
  3659 | D:4      | Reached skill level 6 in Short Blades
  3790 | D:4      | Reached XP level 8. HP: 38/54 MP: 8/8
  4047 | D:5      | HP: 2/54 [centaur (2)]
  4596 | D:5      | Reached skill level 7 in Short Blades
  4916 | D:5      | Found a stormy altar of Qazlal.
  4925 | D:5      | Noticed a fire elemental
  4926 | D:5      | Noticed an air elemental
  4926 | D:5      | Noticed a water elemental
  5134 | D:5      | Reached ** piety under Okawaru
  5168 | D:6      | Noticed Edmund
  5319 | D:5      | Killed Edmund
  5319 | D:5      | Reached skill level 5 in Armour
  5561 | D:5      | Reached XP level 9. HP: 33/60 MP: 6/9
  5719 | D:5      | Reached skill level 5 in Fighting
  6047 | D:6      | Reached skill level 8 in Short Blades
  6302 | D:6      | Reached skill level 1 in Slings
  6419 | D:6      | Reached *** piety under Okawaru
  6490 | D:7      | Noticed Joseph
  6507 | D:6      | Noticed BorisKarlOrff's ghost (novice GnBe)
  6562 | D:6      | Killed BorisKarlOrff's ghost
  6797 | D:6      | Reached XP level 10. HP: 53/66 MP: 10/10
  6805 | D:6      | Found a shattered altar of Ashenzari.
  6938 | D:6      | Found a sparkling altar of Nemelex Xobeh.
  7012 | D:6      | Found a runed door.
  7016 | D:6      | Noticed Crazy Yiuf
  7024 | D:6      | Killed Crazy Yiuf
  7078 | D:6      | Paralysed by Joseph for 6 turns
  7115 | D:6      | Paralysed by Joseph for 2 turns
  7116 | D:6      | HP: 2/66 [Joseph/quarterstaff (10)]
  7126 | D:6      | Killed Joseph
  7126 | D:6      | Reached skill level 9 in Short Blades
  7706 | D:6      | HP: 3/68 [something/magic dart (3)]
  8132 | D:7      | Reached skill level 5 in Slings
  8254 | D:7      | Found a deep blue altar of Sif Muna.
  8255 | D:7      | Found a sacrificial altar of Ru.
  8256 | D:7      | Found an ancient bone altar of Kikubaaqudgha.
  8256 | D:7      | Found a hide-covered altar of Uskayaw.
  8257 | D:7      | Found a sparkling altar of Nemelex Xobeh.
  8257 | D:7      | Found a hazy altar of Hepliaklqana.
  8258 | D:7      | Found a stormy altar of Qazlal.
  8258 | D:7      | Found a hazy altar of Hepliaklqana.
  8258 | D:7      | Found a deep blue altar of Sif Muna.
  8258 | D:7      | Found an ancient bone altar of Kikubaaqudgha.
  8258 | D:7      | Found a glowing silver altar of Zin.
  8258 | D:7      | Found an ancient bone altar of Kikubaaqudgha.
  8258 | D:7      | Found a snail-covered altar of Cheibriados.
  8347 | D:7      | Found Maibalat's Jewellery Shop.
  8352 | D:7      | Found Fukk's Armour Shoppe.
  8361 | D:7      | Bought a +0 pair of gloves for 54 gold pieces
  8361 | D:7      | Bought a +2 helmet for 198 gold pieces
  8550 | D:7      | Noticed Duvessa
  8592 | D:7      | Killed Duvessa
  8597 | D:7      | Noticed Dowan
  8609 | D:7      | Killed Dowan
  8648 | D:7      | Found a white marble altar of Elyvilon.
  9155 | D:8      | Reached skill level 1 in Evocations
  9207 | D:8      | Reached **** piety under Okawaru
  9504 | D:8      | Reached skill level 10 in Short Blades
  9903 | D:7      | Found a staircase to the Ecumenical Temple.
 10269 | D:7      | Found Esiffo's Gadget Shoppe.
 10358 | D:8      | Noticed Maurice
 10382 | D:8      | Paralysed by something for 2 turns
 10504 | D:8      | Reached XP level 11. HP: 72/72 MP: 12/12
 10623 | D:9      | Received a gift from Okawaru
 10679 | D:8      | Noticed a moth of wrath
 10680 | D:8      | Noticed Psyche
 10683 | D:8      | Found a bloodstained altar of Trog.
 10685 | D:8      | Killed Psyche
 10975 | D:8      | Paralysed by Maurice for 2 turns
 11276 | D:9      | Noticed a two-headed ogre
 11353 | D:9      | Killed a two-headed ogre
 11353 | D:9      | Received a gift from Okawaru
 11381 | D:9      | Found a shadowy altar of Dithmenos.
 11531 | D:9      | Reached skill level 5 in Dodging
 11760 | D:9      | Paralysed by a floating eye for 3 turns
 11955 | D:9      | Found a radiant altar of Vehumet.
 11961 | D:9      | Found an ornate altar of the Wu Jian Council.
 12389 | D:10     | Entered Level 10 of the Dungeon
 12503 | D:10     | Found a staircase to the Orcish Mines.
 12711 | D:10     | Reached skill level 10 in Shields
 12765 | D:10     | Received a gift from Okawaru
 12924 | D:10     | Reached skill level 11 in Short Blades
 12977 | D:10     | Reached skill level 10 in Slings
 13254 | D:10     | Reached skill level 1 in Invocations
 13279 | D:10     | Found a staircase to the Lair.
 13552 | D:10     | Reached ***** piety under Okawaru
 13561 | D:10     | Reached XP level 12. HP: 60/81 MP: 13/13
 13852 | Lair:1   | Entered Level 1 of the Lair of Beasts
 14524 | Lair:1   | Received a gift from Okawaru
 15620 | Lair:2   | Received a gift from Okawaru
 16700 | Lair:3   | Received a gift from Okawaru
 16721 | Lair:4   | Noticed Kirke
 16933 | Lair:3   | Noticed Gastronok
 16967 | Lair:3   | Killed Gastronok
 16967 | Lair:3   | Received a gift from Okawaru
 16967 | Lair:3   | Reached skill level 12 in Short Blades
 17401 | Lair:3   | Found a staircase to the Swamp.
 17616 | Lair:4   | Noticed a five-headed hydra
 17634 | Lair:4   | Noticed an entropy weaver
 17725 | Lair:4   | Noticed Rupert
 17781 | Lair:3   | Demolished by Rupert

Skill      XL: |  1  2  3  4  5  6  7  8  9 10 11 12 |
---------------+-------------------------------------+-----
Fighting       | 3 4 5 6 7 8 |  8.2
Short Blades   | 3 4 5 6 7 8 10 11 12 | 12.3
Dodging        | 1 2 3 4 5 |  5.4
Shields        | 4 5 7 8 9 10 11 | 11.1
Armour         | 4 5 6 8 |  8.1
Slings         | 3 7 10 11 | 11.6
Evocations     | 1 2 |  2.0
Invocations    | 1 |  1.4

Action                   |  1- 3 |  4- 6 |  7- 9 | 10-12 || total
-------------------------+-------+-------+-------+-------++-------
Melee: Rapier            |   118 |   271 |   596 |  1240 ||  2225
 Fire: Hunting sling     |       |       |    27 |   553 ||   580
Throw: Stone             |       |       |       |     2 ||     2
Invok: Heroism           |       |       |     6 |    21 ||    27
Evoke: Wand              |       |       |     2 |     4 ||     6
  Use: Potion            |       |     7 |     3 |     6 ||    16
       Scroll            |       |     4 |     5 |    12 ||    21
 Stab: Paralysed         |       |       |     4 |     3 ||     7
  Eat: Chunk             |       |     8 |    11 |    23 ||    42
       Ration            |       |       |       |     4 ||     4
Armor: Scale mail        |    44 |    56 |   106 |   143 ||   349
       Skin              |       |    13 |       |       ||    13
       Chain mail        |       |       |       |    96 ||    96
Dodge: Dodged            |    53 |   123 |   221 |   522 ||   919
Block: Shield            |    64 |   149 |   297 |   644 ||  1154
